 Dungeon Crawl Stone Soup version 0.25-a0-413-g3b4b6a4ccc (webtiles) character file.

Game seed: 8038883533347361311, levelgen mode: deterministic

2291 Gargoyl the Covered (level 9, -4/72 HPs)
             Began as a Centaur Abyssal Knight on Jan 14, 2020.
             Was a Priest of Lugonu.
             Slain by an orc knight
             ... wielding a +0 great mace of holy wrath
              (10 damage)
             ... on level 7 of the Dungeon.
             The game lasted 00:11:50 (9467 turns).

Gargoyl the Covered (Centaur Abyssal Knight)        Turns: 9467, Time: 00:11:51

Health: -4/72      AC: 13    Str: 17    XL:     9   Next: 17%
Magic:  12/12      EV:  4    Int: 11    God:    Lugonu [***...]
Gold:   292        SH:  8    Dex: 10    Spells: 8/8 levels left

rFire    . . .     SeeInvis .   b - +2 falchion (freeze)
rCold    . . .     Gourm    .   f - +0 shield
rNeg     . . .     Faith    .   l - +0 scale mail {rPois}
rPois    +         Spirit   .   (no helmet)
rElec    .         Reflect  .   (no cloak)
rCorr    .         Harm     .   (no gloves)
MR       .....                  e - +1 centaur barding
Stlth    ..........             (no amulet)
HPRegen  0.22/turn              (no ring)
MPRegen  0.13/turn              (no ring)

@: silence, very quick
A: large, hooves 3, deformed body, speed 2, tough skin 3
a: Renounce Religion


You were on level 7 of the Dungeon.
You worshipped Lugonu.
Lugonu was most pleased with you.
You were hungry.

You visited 1 branch of the dungeon, and saw 7 of its levels.
You visited the Abyss 1 time.

You collected 292 gold pieces.

Inventory:

Hand Weapons
 a - a +1 hand axe
 b - a +2 falchion of freezing (weapon)
Armour
 e - a +1 centaur barding (worn)
 f - a +0 shield (worn)
 l - a +0 scale mail of poison resistance (worn)
Wands
 g - a wand of flame (29)
Scrolls
 d - a scroll of identify
 h - a scroll of magic mapping
 k - 3 scrolls of remove curse
Potions
 i - a potion of brilliance
 j - 2 potions of magic
Comestibles
 c - 11 rations


   Skills:
 + Level 4.4 Fighting
 + Level 3.6 Long Blades
 + Level 2.7 Axes
 * Level 5.9 Armour
 * Level 3.6 Dodging
 + Level 2.3 Shields
 * Level 5.1 Invocations
 + Level 1.1 Evocations


You had 8 spell levels left.
You didn't know any spells.
Your spell library contained the following spells:

 Spells                   Type           Power        Failure   Level  Hunger
 Magic Dart               Conj           #...         99%         1    ##.....
 Blink                    Tloc           N/A          100%        2    ###....
 Call Imp                 Summ           #.......     100%        2    ###....
 Slow                     Hex            #.......     100%        2    ###....
 Conjure Flame            Conj/Fire      #.......     100%        3    ####...
 Mephitic Cloud           Conj/Pois/Air  #.......     100%        3    ####...
 Bolt of Magma            Conj/Fire/Erth #.........   100%        5    ######.
 Iskenderun's Battlesphe  Conj/Chrm      #.......     100%        5    ######.
 Iron Shot                Conj/Erth      #.........   100%        6    #######
 Orb of Destruction       Conj           #.........   100%        7    #######
 Spellforged Servitor     Conj/Summ      #.........   100%        7    #######


Dungeon Overview and Level Annotations

Branches:
Dungeon (7/15)
 Temple: D:4-7

Altars:
Cheibriados
Elyvilon
Fedhas
Makhleb
Xom
Yredelemnul
The Shining One

Shops:
D:4 =

Annotations:
D:6 Pikel, Sigmund


Innate Abilities, Weirdness & Mutations

You have hooves in place of feet.
Armour fits poorly on your strangely shaped body.
You cover ground very quickly.
You have extremely tough skin. (AC +3)


Message History

* * * LOW HITPOINT WARNING * * *
You hit the orc priest. You freeze the orc priest.
Your kick misses the orc priest.
The orc priest is heavily wounded.
The orc priest hits you but does no damage.
The orc hits you but does no damage.
Your shield and scale mail prevent you from hitting the orc priest.
The orc priest is heavily wounded.
The orc priest hits you with a +0 dagger.
* * * LOW HITPOINT WARNING * * *
The orc hits you with a +0 flail.
* * * LOW HITPOINT WARNING * * *
The orc priest hits you but does no damage.
You slash the orc priest! You freeze the orc priest.
You kill the orc priest!
Lugonu accepts your kill. The orc hits you with a +0 flail!
* * * LOW HITPOINT WARNING * * *
The orc knight hits you with a +0 great mace of holy wrath!
You die...

≈≈≈≈≈.o..≈≈≈≈≈≈
...............
#####o'''######
....#....#.o...
....'....ooo...
..?.#....#o.o..
##################
#ooooo.......
#@#ooo.......
#(#oo........
#$#o.........
###'######### ....
######


You could see an orc knight, 2 orc warriors, an orc priest and 7 orcs.

Vanquished Creatures
  A warg (D:6)
  3 ice beasts (D:5)
  A phantom (D:7)
  2 sky beasts
  4 ogres
  2 centaurs
  A bullfrog (D:5)
  2 scorpions (D:5)
  2 howler monkeys (D:5)
  A bullfrog zombie (D:5)
  2 crimson imps (D:5)
  3 hounds (D:5)
  5 orc priests
  2 bullfrog skeletons
  Natasha (D:2)
  An orc wizard (D:4)
  6 worker ants
  A hound zombie (D:5)
  4 gnolls
  9 adders
  2 shadow imps
  A white imp (D:6)
  An adder skeleton (D:4)
  2 worms (D:2)
  3 dart slugs
  2 leopard geckos
  9 orcs
  5 giant cockroaches
  8 goblins
  9 hobgoblins
  4 jackals (D:2)
  2 quokkas
  2 ball pythons (D:4)
  3 bats
  5 frilled lizards
  2 goblin skeletons (D:6)
  A hobgoblin zombie (D:6)
  9 kobolds
  2 kobold skeletons (D:6)
  A kobold zombie (D:6)
  2 orc skeletons (D:6)
  3 orc zombies (D:6)
  A quokka skeleton (D:4)
132 creatures vanquished.

Vanquished Creatures (others)
  A warg (D:5)
  A quokka (D:6)
  A plant (D:7)
  2 starspawn tentacles (Abyss:1)
5 creatures vanquished.

Grand Total: 137 creatures vanquished

Notes
Turn   | Place    | Note
-------+----------+-------------------------------------------
     0 | Abyss:1  | Gargoyl the Centaur Abyssal Knight began the quest for the
                  | Orb.
     0 | Abyss:1  | Reached XP level 1. HP: 19/19 MP: 2/2
    99 | Abyss:1  | Noticed a large abomination
   148 | Abyss:1  | Noticed a tentacled starspawn
   162 | Abyss:1  | Noticed an ancient zyme
   163 | Abyss:1  | Noticed a raiju
   164 | D:1      | Escaped the Abyss
   231 | D:1      | You fall into a shaft and drop 1 floor!
   628 | D:2      | Reached XP level 2. HP: 13/26 MP: 3/3
   956 | D:2      | Reached skill level 1 in Dodging
  1035 | D:1      | Reached * piety under Lugonu
  1185 | D:1      | Reached XP level 3. HP: 31/31 MP: 4/4
  2381 | D:2      | Noticed Natasha
  2447 | D:2      | Killed Natasha
  2447 | D:2      | Reached XP level 4. HP: 30/38 MP: 5/5
  2767 | D:3      | Noticed a phantom
  3714 | D:3      | Reached XP level 5. HP: 45/45 MP: 6/6
  3749 | D:3      | Reached ** piety under Lugonu
  4563 | D:5      | Entered Level 5 of the Dungeon
  4714 | D:4      | Reached skill level 1 in Long Blades
  4714 | D:4      | Reached XP level 6. HP: 41/52 MP: 8/8
  4971 | D:4      | Found a burning altar of Makhleb.
  5542 | D:4      | Found Piuphanu's Jewellery Shop.
  5591 | D:4      | Found a shimmering altar of Xom.
  5592 | D:4      | Found a basalt altar of Yredelemnul.
  5723 | D:4      | You fall into a shaft and drop 3 floors!
  5723 | D:7      | Noticed an orc knight
  5733 | D:7      | Noticed an orc warrior
  5749 | D:7      | Noticed a warg
  5749 | D:7      | Noticed a warg
  5750 | D:7      | Noticed a warg
  5754 | D:7      | Noticed a warg
  5770 | D:7      | HP: 1/52 [shadow imp/nerve-wracking pain (7)]
  5870 | D:7      | Noticed a sky beast
  5882 | D:7      | Killed a sky beast
  5882 | D:7      | Reached XP level 7. HP: 6/58 MP: 9/9
  6217 | D:6      | Found a blossoming altar of Fedhas.
  6218 | D:6      | Found a glowing golden altar of the Shining One.
  6293 | D:6      | Found a white marble altar of Elyvilon.
  6309 | D:6      | Noticed Sigmund
  6318 | D:5      | Reached skill level 1 in Shields
  6952 | D:5      | Reached XP level 8. HP: 52/66 MP: 11/11
  7176 | D:5      | Reached skill level 1 in Evocations
  7248 | D:5      | Found a snail-covered altar of Cheibriados.
  7490 | D:5      | Reached skill level 5 in Armour
  7503 | D:5      | Reached *** piety under Lugonu
  8780 | D:5      | Reached XP level 9. HP: 25/71 MP: 12/12
  9005 | D:5      | Reached skill level 5 in Invocations
  9424 | D:6      | Noticed Pikel
  9454 | D:7      | Noticed an orc knight
  9467 | D:7      | Slain by an orc knight

Levels and vault maps discovered:
D:1:      dpeg_arrival_leaves_temple_mockup, layout_rooms
D:2:      layout_basic, uniq_natasha
D:3:      layout_rooms
D:4:      layout_loops_ring, lemuel_doored_altar,
          gammafunk_temple_overflow_pools, serial_glass, glass_columns_a,
          glass_columns_b, glass_columns_c, portal_sewer_entry_b, serial_shops,
          shop, first_ration
D:5:      minmay_chambers_of_threes, layout_loops_ring, kennysheep_little_box
D:6:      layout_loops_corners, elyvilon_altar_4, nicolae_tso_besieged_by_evil,
          nicolae_ossuary_entry_false_entrances, fedhas_ov_isle_minmay,
          uniq_pikel, uniq_sigmund
D:7:      lemuel_castle_with_subvaults [lemuel_castle_interior_carwin_1],
          layout_basic, temple_green

Skill      XL: |  1  2  3  4  5  6  7  8  9 |
---------------+----------------------------+-----
Axes           | 2 |  2.7
Dodging        | 1 2 3 |  3.6
Armour         | 2 3 4 5 |  5.9
Long Blades    | 1 2 3 |  3.6
Invocations    | 3 4 5 |  5.1
Shields        | 1 2 |  2.3
Fighting       | 4 |  4.4
Evocations     | 1 |  1.1

Action                   |  1- 3 |  4- 6 |  7- 9 || total
-------------------------+-------+-------+-------++-------
Melee: Hand axe          |   153 |    25 |       ||   178
       Kick              |    16 |    36 |    80 ||   132
       Falchion          |       |   139 |   318 ||   457
Invok: Depart the Abyss  |     1 |       |       ||     1
       Bend Space        |       |     1 |       ||     1
       Banish            |       |       |     2 ||     2
Evoke: Wand              |       |       |    11 ||    11
  Use: Potion            |     3 |     3 |     1 ||     7
       Scroll            |     2 |     8 |     5 ||    15
  Eat: Chunk             |     4 |     6 |     8 ||    18
       Ration            |       |     1 |     1 ||     2
Armor: Leather armour    |    12 |       |       ||    12
       Ring mail         |    98 |    82 |       ||   180
       Skin              |     5 |       |       ||     5
       Scale mail        |       |    33 |   204 ||   237
Dodge: Dodged            |    61 |    49 |    50 ||   160
Block: Shield            |       |    44 |   137 ||   181
       Rpst.: Falchion   |       |    12 |    14 ||    26

Table legend:
 A = Non-vault XP
 B = Vault XP
 C = Vault XP percentage of total XP
 D = Non-vault monster count
 E = Vault monster count
 F = Vault count percentage of total count
                 A         B        C        D         E       F
            +---------+---------+-------+---------+---------+-------
      Total |    2751 |     523 |  16.0 |     101 |      32 |  24.1
            +---------+---------+-------+---------+---------+-------
        D:1 |      31 |       0 |   0.0 |      17 |       0 |   0.0
        D:2 |      83 |      35 |  29.7 |      22 |       1 |   4.3
        D:3 |     102 |       0 |   0.0 |      18 |       0 |   0.0
        D:4 |     376 |       4 |   1.1 |      13 |       3 |  18.8
        D:5 |    1659 |     243 |  12.8 |      22 |       8 |  26.7
        D:6 |     230 |     182 |  44.2 |       5 |      13 |  72.2
        D:7 |     270 |      59 |  17.9 |       4 |       7 |  63.6
            +---------+---------+-------+---------+---------+-------
